 Dungeon Crawl Stone Soup version 0.28-a0-1117-g0bdd5ba030 (webtiles) character file.

Game seed: 350149606172666245

270 spaghetti the Ruffian (level 5, -4/39 HPs)
             Began as a Demigod Transmuter on Dec 12, 2021.
             Slain by a goblin (8 damage)
             ... led by Robin
             ... on level 3 of the Dungeon.
             The game lasted 00:08:58 (4331 turns).

spaghetti the Ruffian (Demigod Transmuter)          Turns: 4331, Time: 00:08:59

Health: -4/39      AC:  5    Str: 18    XL:     5   Next: 70%
Magic:  9/10       EV: 12    Int: 15    God:
Gold:   79         SH:  0    Dex: 14    Spells: 0/7 levels left

rFire   . . .      SeeInvis .     - Unarmed
rCold   . . .      Faith    .   (no shield)
rNeg    . . .      Spirit   .   a - +0 robe
rPois   .          Reflect  .   (no helmet)
rElec   .          Harm     .   (no cloak)
rCorr   .          Rampage  .   e - +2 pair of gloves {Str+3}
Will    .....                   (no boots)
Stlth   +.........              (no amulet)
HPRegen 0.13/turn               (no ring)
MPRegen 0.12/turn               (no ring)

@: wereblooded
A: high mp 1, forlorn, divine attributes
a: no special abilities


You were on level 3 of the Dungeon.
You visited 1 branch of the dungeon, and saw 3 of its levels.

You collected 79 gold pieces.


Innate Abilities, Weirdness & Mutations

You have an increased reservoir of magic. (+10% MP)
You shall have no god before yourself.
Your divine heritage dramatically boosts your attributes as you level up.


   Skills:
 - Level 0.8 Fighting
 - Level 1.7 Dodging
 + Level 6.2 Unarmed Combat
 - Level 1.7 Spellcasting
 - Level 1.7 Transmutations


You couldn't memorise any spells.
You knew the following spells:

 Your Spells              Type           Power      Damage    Failure   Level
a - Beastly Appendage     Tmut           12%        N/A       11%         1
b - Wereblood             Tmut           6%         N/A       17%         2
c - Corpse Rot            Necr/Air       2%         N/A       34%         2
d - Poisonous Vapours     Pois/Air       2%         N/A       34%         2

Your spell library contained the following spells:

 Spells                   Type           Power      Damage    Failure   Level
 Spider Form              Tmut/Pois      3%         N/A       43%         3
 Ice Form                 Ice/Tmut       3%         N/A       85%         4

Inventory:

Missiles
 b - 80 stones {throwing}
 d - 20 arrows
 g - 42 bolts
Armour
 a - a +0 robe (worn)
 e - a +2 pair of gloves of strength (worn)
   (You found it on level 3 of the Dungeon)
Jewellery
 i - an amulet of faith {!P}
   (You found it on level 2 of the Dungeon)
Scrolls
 c - 5 scrolls of teleportation {unknown}
 f - a scroll of identify {unknown}
 h - a scroll of blinking {unknown}
 k - a scroll of vulnerability {unknown}

Dungeon Overview and Level Annotations

Branches:
Dungeon (3/15)

Annotations:
D:3 Robin

# #.)).............#
#.#####.###.####<#####.#
#.......##...###.#
#.#######
#####..####...>..<#
#.......### ....)..#
#...###.# #.#####....
.#.##.## ##### #.#####.#
#.### .#.##.# ##.).....#
#.# .#....# #.....####
#.# .###### #@##### #.#
.# #g# #.# .# #g# ..# †#
#.# ..# .# #.# ..# .#
#.# .# #g# .####### #.#
........ #.#


You could see Robin and 2 goblins.


Message History

Unknown command.
Your transformation is almost over.
Your horns disappear.
Your talons disappear.
Key pressed, stopping explore.
Unknown command. 😎 MP[+3]
Your mp is fully restored (10).
Unknown command.
h - a scroll labelled KUUCOSO WUIWING A goblin is nearby!
A goblin is nearby!
Casting: Beastly Appendage (safe; 11% risk of failure)
Confirm with . or Enter, or press ? or * to list all spells.
You grow a pair of large bovine horns.
Your feet morph into talons.
The goblin shouts! 😎 MP[-1]
You lost 1 mp, and now have 9/10 mp.
Robin shouts!
You closely miss the goblin. Your kick misses the goblin.
Your punch misses the goblin.
Your transformation is almost over.
The goblin shouts!
The goblin hits you with a +0 flail. 😕 HP[-2]
You take 2 damage, and now have 37/39 hp.
You aren't carrying any potions.
Casting: Beastly Appendage (safe; 11% risk of failure)
Confirm with . or Enter, or press ? or * to list all spells.
Your blood is infused with primal strength.
The goblin hits you with a +0 flail.
Robin roars a battlecry!
The goblins go into a battle-frenzy! 😕 HP[-1] MP[-2]
You take 1 damage, and now have 36/39 hp.
You lost 2 mp, and now have 7/10 mp.
Unknown command.
Unknown command.
You closely miss the goblin. Your kick misses the goblin.
The goblin hits you with a +0 flail!
Robin says, "My army is invincible!"
Robin hits you from afar with a +2 spear of venom.
You are poisoned. 😮 HP[-16]
You take 16 damage, and now have 20/39 hp.
MASSIVE DAMAGE!! (PAUSE) Unknown command.
Unknown command.
Unknown command.
You aren't carrying any potions.
Okay, then.
You feel very sick. The goblin hits you with a +0 flail.
* * * LOW HITPOINT WARNING * * *
😨 HP[-7]
You take 7 damage, and now have 13/39 hp.
You feel very sick.
The goblin barely misses you. 😨 HP[-2] MP[+1]
You take 2 damage, and now have 11/39 hp.
You feel sick.
The goblin unwields a +0 club.
The goblin wields a +0 hunting sling.
The goblin shoots a stone.
The stone hits you but does no damage. 😨 HP[-1]
You take 1 damage, and now have 10/39 hp.
You aren't carrying any potions.
You feel sick. 😱 HP[-2]
You take 2 damage, and now have 8/39 hp.
You feel sick. 😱 HP[-1]
You take 1 damage, and now have 7/39 hp.
You feel sick. 😱 HP[-1]
You take 1 damage, and now have 6/39 hp.
Your horns disappear.
Your talons disappear.
You feel sick. 😱 HP[-1]
You take 1 damage, and now have 5/39 hp.
You feel sick. 😱 HP[-1]
You take 1 damage, and now have 4/39 hp.
You are mildly poisoned (4 -> 3).
Your melee attacks are strengthened by your wereblood.
Your movement speed is average.
Your attack delay is about 0.8.
Your base attributes are Str 15, Int 15, Dex 14.
You are mildly poisoned (4 -> 3).
Your melee attacks are strengthened by your wereblood.
Your movement speed is average.
Your attack delay is about 0.8.
Your base attributes are Str 15, Int 15, Dex 14.
You feel sick.
You are no longer poisoned. 😱 HP[-1]
You take 1 damage, and now have 3/39 hp.
Your melee attacks are strengthened by your wereblood.
Your movement speed is average.
Your attack delay is about 0.8.
Your base attributes are Str 15, Int 15, Dex 14.
Unknown command. 😱 HP[+1] MP[+1]
The goblin hits you with a +0 flail!
You die...

Skill      XL: |  1  2  3  4  5 |
---------------+----------------+-----
Unarmed Combat | 3 4 5 6 |  6.2
Fighting       | |  0.8
Dodging        | |  1.7
Spellcasting   | |  1.7
Transmutations | |  1.7

Action                   |  1- 3 |  4- 6 || total
-------------------------+-------+-------++-------
Melee: Unarmed           |   167 |    29 ||   196
       Kick              |    14 |     9 ||    23
       Headbutt          |     5 |     7 ||    12
       Punch             |       |     1 ||     1
 Cast: Beastly Appendage |    20 |     6 ||    26
       Wereblood         |    13 |     2 ||    15
       Corpse Rot        |       |     1 ||     1
  Use: Potion            |     4 |       ||     4
Armor: Robe              |    22 |     3 ||    25
Dodge: Dodged            |   132 |    16 ||   148

Levels and vault maps discovered:
D:1:      amcnicky_arrival_wind_blow, layout_basic,
          shapermc_ecumenical_altar_petra, grunt_decor_resistance
D:2:      layout_loops_ring
D:3:      layout_loops_ring, uniq_terence, uniq_robin

Notes
Turn   | Place    | Note
-------+----------+-------------------------------------------
     0 | D:1      | spaghetti the Demigod Transmuter began the quest for the
                  | Orb.
     0 | D:1      | Reached XP level 1. HP: 15/15 MP: 5/5
     0 | D:1      | magus.rc [v1.9.6]
   147 | D:1      | Reached skill level 3 in Unarmed Combat
  1142 | D:1      | Reached XP level 2. HP: 17/22 MP: 5/7
  1345 | D:1      | You pick up a book of Vapours and begin reading...
  1345 | D:1      | You add the spells Poisonous Vapours and Corpse Rot to your
                  | library.
  1352 | D:1      | Learned a level 2 spell: Wereblood
  2370 | D:2      | Reached XP level 3. HP: 27/27 MP: 5/8
  2434 | D:2      | Reached skill level 4 in Unarmed Combat
  3077 | D:3      | Noticed Robin
  3990 | D:3      | Reached XP level 4. HP: 34/34 MP: 7/9
  4004 | D:3      | Reached skill level 5 in Unarmed Combat
  4120 | D:3      | Reached XP level 5. HP: 30/39 MP: 5/10
  4125 | D:3      | Learned a level 2 spell: Corpse Rot
  4128 | D:3      | Learned a level 2 spell: Poisonous Vapours
  4210 | D:3      | Noticed a necrophage
  4218 | D:3      | Killed a necrophage
  4219 | D:3      | Reached skill level 6 in Unarmed Combat
  4323 | D:3      | HP: 8/39 [poisoned by Robin]
  4328 | D:3      | HP: 3/39 [poisoned by Robin]
  4331 | D:3      | Slain by a goblin

Vanquished Creatures
  A necrophage (D:3)
  A wyvern zombie (D:3)
  A hound (D:3)
  2 adders (D:2)
  A worm (D:2)
  2 dart slugs
  4 orcs (D:3)
  3 endoplasms
  2 giant cockroaches (D:2)
  11 goblins
  4 hobgoblins
  8 kobolds
  2 quokkas (D:2)
  11 ball pythons
  4 bats
  4 frilled lizards
  4 rats
65 creatures vanquished.

Table legend:
 A = Non-vault XP
 B = Vault XP
 C = Vault XP percentage of total XP
 D = Non-vault monster count
 E = Vault monster count
 F = Vault count percentage of total count
                 A         B        C        D         E       F
            +---------+---------+-------+---------+---------+-------
      Total |     371 |      16 |   4.1 |      57 |       8 |  12.3
            +---------+---------+-------+---------+---------+-------
        D:1 |      36 |       0 |   0.0 |      23 |       0 |   0.0
        D:2 |      62 |      10 |  13.9 |      20 |       5 |  20.0
        D:3 |     273 |       6 |   2.2 |      14 |       3 |  17.6
            +---------+---------+-------+---------+---------+-------

Illustrated notes

Table legend:
 A = Kills in this place as a percentage of kills in entire the game.
 B = Kills by you in this place as a percentage of kills by you in the entire game.
 C = Kills by friends in this place as a percentage of kills by friends in the entire game.
 D = Other kills in this place as a percentage of other kills in the entire game.
 E = Experience gained in this place as a percentage of experience gained in the entire game.
 F = Experience gained in this place divided by the number of levels of this place that you have seen.
                   A       B       C       D       E      F
               +-------+-------+-------+-------+-------+----------------------
         Total | 100.0 | 100.0 |   N/A |   N/A | 100.0 | 129.0
       Dungeon | 100.0 | 100.0 |   N/A |   N/A | 100.0 | 129.0
               +-------+-------+-------+-------+-------+----------------------

Table legend: (Time is in decaauts)
 A = Elapsed time spent in this place.
 B = Non-inter-level travel time spent in this place.
 C = Inter-level travel time spent in this place.
 D = Time resting spent in this place.
 E = Time spent auto-exploring this place.
 F = Levels seen in this place.
 G = Mean time per level.
                   A        B        C        D        E       F      G
               +--------+--------+--------+--------+--------+-----+--------+
         Total |   4305 |   4213 |     92 |   2099 |   1609 |   3 | 1435.0 |
       Dungeon |   4305 |   4213 |     92 |   2099 |   1609 |   3 | 1435.0 |
               +--------+--------+--------+--------+--------+-----+--------+

Top non-repeatable levels by time:
     D:1: 2049 daAuts
     D:2: 1825 daAuts
     D:3: 430 daAuts
